 Dungeon Crawl Stone Soup version 0.15-a0-1472-ge546950 (webtiles) character file.

732 Psiweapon the Cruncher (level 7, -8/40 HPs)
             Began as a Gargoyle Gladiator on June 13, 2014.
             Killed from afar by Mygna's ghost (15 damage)
             ... with a puff of flame
             ... on Level 6 of the Dungeon.
             The game lasted 00:15:12 (3997 turns).

Psiweapon the Cruncher (Gargoyle Gladiator)         Turns: 3997, Time: 00:15:12

HP  -8/40        AC 10     Str 18      XL: 7   Next: 73%
MP   7/7         EV 11     Int  9      God:
Gold 173         SH  0     Dex 12      Spells:  0 memorised,  6 levels left

rFire  . . .     SeeInvis .     w - +3 quarterstaff (chaos)
rCold  . . .     Clarity  .     b - +0 leather armour
rNeg   + . .     rCorr    .     (no shield)
rPois  +         rRot     +     c - +0 helmet
rElec  +         Spirit   .     x - +0 cloak
SustAb .         Warding  .     F - +0 pair of gloves
rMut   .         Stasis   .     (no boots)
Gourm  .                        (no amulet)
MR     .....                    (no ring)
                                (no ring)

@: not resistant to hostile enchantments, very unstealthy
A: life protection 1, electricity resistance, unbreathing, petrification
resistance, rot immunity, AC +4
a: no special abilities


You were on level 6 of the Dungeon.
You were not hungry.

You visited 1 branch of the dungeon, and saw 6 of its levels.

You collected 173 gold pieces.

Inventory:

Hand weapons
 a - a +0,+0 quarterstaff
 j - a +0 blowgun
 q - a +0,+0 great mace
 w - a +3,+3 quarterstaff of chaos (weapon)
 D - a +4,+0 dire flail of protection
 I - a +1,+3 dagger
Missiles
 d - 2 throwing nets (quivered)
 s - 2 needles of slowing
 y - 4 curare-tipped needles
 G - 20 sling bullets
Armour
 b - a +0 leather armour (worn)
 c - a +0 helmet (worn)
 i - a +0 ring mail
 r - a +0 chain mail
 x - a +0 cloak (worn)
 F - a +0 pair of gloves (worn)
Magical devices
 u - a wand of slowing (8)
 z - a wand of invisibility (5) {unknown}
Comestibles
 f - 5 bread rations
 g - 2 meat rations
Scrolls
 e - 3 scrolls of immolation {unknown}
 l - 7 scrolls of identify {unknown}
 m - 7 scrolls of teleportation {unknown}
 o - a scroll of enchant armour {unknown}
 p - a scroll of noise {unknown}
 t - a scroll of enchant weapon II {unknown}
 B - a scroll of remove curse {unknown}
 C - a scroll of magic mapping {unknown}
 H - a scroll of vulnerability {unknown}
 J - a scroll of enchant weapon I {unknown}
Jewellery
 v - an uncursed amulet of faith {unknown}
Potions
 h - a potion of confusion {unknown}
 n - 2 potions of brilliance {unknown}
 E - a potion of agility {unknown}


   Skills:
 - Level 2.1 Fighting
 + Level 8.9 Staves
 - Level 2.0 Throwing
 - Level 2.4 Dodging


You had 6 spell levels left.
You didn't know any spells.

Dungeon Overview and Level Annotations

Branches:
Dungeon (6/15)
 Temple: D:4-7

Altars:
Qazlal

Annotations:
D:5 Sigmund
D:6 Mygna's ghost, experienced DEFE


Innate Abilities, Weirdness & Mutations

You are resistant to torment.
You are immune to poison.
Your stone body is very resilient (AC +4).
You resist negative energy.
You are resistant to electric shocks.
You can survive without breathing.
You are immune to petrification.
You are immune to rotting.


Message History

The puff of flame hits you!
Press: ? - help, v - describe, . - travel
Here: Mygna's ghost The floor.
Mygna's ghost points at you and mumbles some strange words.
The fireball explodes!
The fireball engulfs you!
Ouch! That really hurt!
* * * LOW HITPOINT WARNING * * *
You hear a shout! x2
You hear a bark!
Found a stone staircase leading down.
Mygna's ghost casts a spell.
Mygna's ghost blinks!
Found a scroll labeled AGHUIM MNOA.
Mygna's ghost points at you and mumbles some strange words.
The magic dart hits you!
* * * LOW HITPOINT WARNING * * *
Mygna's ghost casts a spell at you. The puff of flame hits you!
You die...

.......... #...........
......... #..........
....# #.## ##.........
....###..#####..........
....##.....#............
................W......#
..###≈..;###..........##
.#...#≈{#...#..........##
.#.⌠.#≈≈#.⌠.#...@.......#
.#...#≈≈#...#...<........
..###≈≈≈≈###............
... ≈≈≈≈≈≈..............
... ≈≈≈≈≈......###.....
..## ≈≈≈≈###....# .... .#
#≈≈#. .#.?.# .. ≈≈# #....
. .


You could see Mygna's ghost.

Vanquished Creatures
  Edmund (D:4)
  A hippogriff (D:4)
  A scorpion (D:4)
  A crimson imp (D:3)
  A centaur zombie (D:5)
  Crazy Yiuf (D:3)
  2 hounds (D:5)
  An orc wizard (D:5)
  2 iguanas
  Natasha (thrice) (D:3)
  2 worker ants
  Ijyb (D:5)
  A shadow imp (D:3)
  4 adders
  3 giant mites
  2 worms (D:2)
  An adder skeleton (D:4)
  5 orcs
  2 ball pythons
  8 bats
  3 giant cockroaches (D:1)
  5 hobgoblins
  11 jackals
  A giant cockroach zombie (D:5)
  2 giant geckos (D:5)
  4 giant newts (D:1)
  11 goblins
  A hobgoblin skeleton (D:4)
  13 kobolds
  11 rats
105 creatures vanquished.

Vanquished Creatures (others)
  A jackal zombie (D:4)
1 creature vanquished.

Grand Total: 106 creatures vanquished

Notes
Turn   | Place    | Note
--------------------------------------------------------------
     0 | D:1      | Psiweapon, the Gargoyle Gladiator, began the quest for the Orb.
     0 | D:1      | Reached XP level 1. HP: 12/12 MP: 1/1
   100 | D:1      | Reached XP level 2. HP: 14/17 MP: 2/2
   447 | D:1      | Reached skill level 4 in Staves
   510 | D:1      | Reached XP level 3. HP: 21/21 MP: 3/3
  1112 | D:2      | Reached XP level 4. HP: 23/26 MP: 4/4
  1174 | D:2      | Found a stormy altar of Qazlal.
  1320 | D:3      | Reached skill level 5 in Staves
  1384 | D:3      | Noticed Natasha
  1446 | D:3      | Killed Natasha
  1446 | D:3      | Reached XP level 5. HP: 21/30 MP: 5/5
  1546 | D:3      | Noticed Natasha
  1555 | D:3      | Killed Natasha
  1701 | D:3      | Noticed Natasha
  1708 | D:3      | Killed Natasha
  2051 | D:3      | Noticed Crazy Yiuf
  2061 | D:3      | Killed Crazy Yiuf
  2061 | D:3      | Reached skill level 6 in Staves
  2289 | D:4      | Reached XP level 6. HP: 35/35 MP: 6/6
  2313 | D:4      | Noticed Edmund
  2339 | D:4      | Killed Edmund
  2339 | D:4      | Reached skill level 7 in Staves
  2849 | D:4      | Noticed a hippogriff
  2856 | D:4      | Killed a hippogriff
  2856 | D:4      | Reached XP level 7. HP: 8/40 MP: 7/7
  3197 | D:5      | Entered Level 5 of the Dungeon
  3250 | D:5      | Reached skill level 8 in Staves
  3495 | D:5      | Noticed Sigmund
  3706 | D:5      | Noticed Ijyb
  3715 | D:5      | Killed Ijyb
  3988 | D:6      | Noticed Mygna's ghost (experienced DEFE)
  3997 | D:6      | Killed from afar by Mygna's ghost

Action                   |  1- 3 |  4- 6 |  7- 9 || total
-------------------------+-------+-------+-------++-------
Melee: Quarterstaff      |   116 |   166 |    67 ||   349
Throw: Throwing net      |       |    11 |       ||    11
  Use: Potion            |       |       |     1 ||     1
 Stab: Held in net/web   |       |     2 |       ||     2
       Petrifying        |       |     2 |     1 ||     3
       Petrified         |       |       |     1 ||     1
